 Dungeon Crawl Stone Soup version 0.24-a0-445-gd5110b030a (webtiles) character file.

Game seed: 1693827338025913782

1428 forest the Covert (level 8, -3/39 HPs)
             Began as a Spriggan Assassin on June 22, 2019.
             Was a Follower of Dithmenos.
             Slain by a slave (6 damage)
             ... led by Pikel
             ... on level 6 of the Dungeon.
             The game lasted 00:22:03 (8925 turns).

forest the Covert (Spriggan Assassin)               Turns: 8925, Time: 00:22:05

Health: -3/39      AC:  4    Str:  8    XL:     8   Next: 44%
Magic:  15/21      EV: 21    Int: 13    God:    Dithmenos [*.....]
Gold:   494        SH:  0    Dex: 18    Spells: 5/12 levels left

rFire    . . .     SeeInvis +   a - +3 dagger
rCold    . . .     Gourm    .   (shield restricted)
rNeg     . . .     Faith    .   u - +1 robe {Archmagi}
rPois    .         Spirit   .   (helmet restricted)
rElec    .         Reflect  .   c - +0 cloak
rCorr    .         Harm     .   (gloves unavailable)
MR       ++...                  (boots unavailable)
Stlth    ++++++....             (no amulet)
HPRegen  0.13/turn              q - ring of magical power
MPRegen  0.17/turn              m - ring of wizardry

@: confusing touch, very slightly contaminated, wreathed by umbra, very quick
A: very small, unfitting armour, see invisible, herbivore, speed 3, magic
resistance 1, slow metabolism 2, wild magic 1, sturdy frame 1
a: Renounce Religion


You were on level 6 of the Dungeon.
You worshipped Dithmenos.
Dithmenos was aware of your devotion.
You were not hungry.

You visited 2 branches of the dungeon, and saw 7 of its levels.
You also visited: Ossuary.

You collected 494 gold pieces.

Inventory:

Hand Weapons
 a - a +3 dagger (weapon)
 r - a -1 hunting sling
Missiles
 d - 32 poisoned darts (quivered)
 e - 2 curare-tipped darts
 g - 170 stones
 h - 56 sling bullets
 o - 15 boomerangs
 p - a throwing net
Armour
 b - a +1 robe
 c - a +0 cloak (worn)
 u - a +1 robe of the Archmagi (worn)
Jewellery
 m - a ring of wizardry (right hand)
 q - a ring of magical power (left hand)
 t - an uncursed ring of protection from fire
Wands
 j - a wand of flame (27)
 B - a wand of iceblast (10)
Scrolls
 l - 2 scrolls of teleportation
 s - 2 scrolls of remove curse
 v - a scroll of magic mapping
 y - a scroll of identify
Potions
 i - 2 potions of heal wounds
 k - a potion of brilliance {unknown}
 n - a potion of mutation
 w - a potion of ambrosia
 x - a potion of curing
Comestibles
 f - 11 rations


   Skills:
 + Level 2.9 Fighting
 + Level 5.2 Short Blades
 + Level 4.3(5.2) Slings
 + Level 3.7(4.4) Throwing
 + Level 5.4 Dodging
 + Level 10.3 Stealth
 + Level 2.6 Spellcasting
 + Level 2.2 Hexes


You had 5 spell levels left.
You knew the following spells:

 Your Spells              Type           Power        Failure   Level  Hunger
a - Confusing Touch       Hex            ##....       6%          1    #......
b - Confuse               Hex            ##......     16%         3    ###....
c - Gell's Gravitas       Tloc           #.........   34%         3    ###....

Your spell library contained the following spells:

 Spells                   Type           Power        Failure   Level  Hunger
 Petrify                  Tmut/Erth      #.......     71%         4    #####..
 Metabolic Englaciation   Hex/Ice        #.........   86%         5    ######.
 Yara's Violent Unravell  Hex/Tmut       #.........   86%         5    ######.


Dungeon Overview and Level Annotations

Branches:
Dungeon (6/15)             Temple (1/1) D:5

Altars:
Ashenzari
Cheibriados
Dithmenos
Elyvilon
Fedhas
Gozag
Hepliaklqana
Kikubaaqudgha
Makhleb
Nemelex Xobeh
Okawaru
Qazlal
Ru
Sif Muna
Trog
Vehumet
Wu Jian
Xom
Yredelemnul
Zin
The Shining One

Annotations:
D:6 Pikel


Innate Abilities, Weirdness & Mutations

You are very small and have problems with some larger weapons.
You are too small for most types of armour.
You have supernaturally acute eyesight. (SInv)
You are a herbivore.
You cover ground extremely quickly.
You need to consume almost no food.
You are resistant to hostile enchantments. (MR+)
Your spells are a little harder to cast, but a little more powerful.
Your movements are slightly less encumbered by armour. (ER -2)


Message History

The slave completely misses you. The slave misses you.
You hit Pikel.
Pikel is lightly wounded.
The slave completely misses you. The slave misses you.
Pikel hits you with a +1 whip of electrocution.
Casting: Gell's Gravitas (safe; 34% risk of failure)
Confirm with . or Enter, or press ? or * to list all spells.
You feel a surge of power!
Your hands begin to glow red.
The slave closely misses you. The slave hits you!
Pikel hits you with a +1 whip of electrocution.
You are electrocuted!
The slave barely misses you. The slave misses you. Pikel barely misses you.
You hit Pikel but do no damage.
Pikel is lightly wounded.
The slave hits you.
* * * LOW HITPOINT WARNING * * *
The slave hits you.
* * * LOW HITPOINT WARNING * * *
The slave hits you.
You die...

##.## #.......... ###### ### .<.
##....##### .....# #.. ..?
#......... ####.# #.# p..
######....###.. #.# #.# #K#
##.............. #.###.# #p#
#.......#..###.. #.....# #.#
#..####.#...##.. #....##
#.###..####.#(..####
#.#...#####pK@p...........####
####..#........pp...####.#^#.##..
.....#.#.#####.###### #.#[.....#
.######.## #.# #.......## .# ###
#.# ###.#.#.#. .### #.# #.#.#...
...# ##### ##.## #.#...#.
.#.###...####...#### #.......
..............#....# #####.##


You could see Pikel and 4 slaves.

Vanquished Creatures
  Duvessa (D:5)
  An ice beast (D:6)
  A sky beast (D:4)
  2 ogres
  Dowan (D:6)
  2 crimson imps
  A centaur zombie (D:6)
  2 centaur skeletons
  Jessica (D:3)
  2 iguanas
  8 orc wizards
  4 worker ants
  8 mummies (Ossuary)
  2 worker ant zombies
  4 gnolls (D:6)
  10 adders
  A shadow imp (D:5)
  An ooze (D:5)
  An adder skeleton (D:5)
  An adder zombie (D:6)
  A worm (D:2)
  3 dart slugs
  3 leopard geckos
  15 orcs
  3 giant cockroaches
  6 hobgoblins
  9 jackals
  10 kobolds
  2 quokkas
  A ball python (D:5)
  6 bats
  3 frilled lizards
  A gnoll zombie (Ossuary)
  7 goblins
  A hobgoblin zombie (Ossuary)
  2 kobold zombies (Ossuary)
  4 orc zombies (Ossuary)
  11 rats
142 creatures vanquished.

Vanquished Creatures (others)
  An orc (D:6)
1 creature vanquished.

Grand Total: 143 creatures vanquished

Notes
Turn   | Place    | Note
-------+----------+-------------------------------------------
     0 | D:1      | forest the Spriggan Assassin began the quest for the Orb.
     0 | D:1      | Reached XP level 1. HP: 10/10 MP: 2/2
    31 | D:1      | Reached skill level 6 in Stealth
   337 | D:1      | Reached XP level 2. HP: 14/14 MP: 3/3
   938 | D:1      | Reached XP level 3. HP: 18/18 MP: 4/4
  1068 | D:2      | Reached skill level 7 in Stealth
  1429 | D:2      | You fall into a shaft and drop 2 floors!
  1646 | D:3      | Reached XP level 4. HP: 8/22 MP: 5/5
  1889 | D:3      | Found an iron altar of Okawaru.
  1891 | D:3      | Noticed Jessica
  1926 | D:3      | Killed Jessica
  2101 | D:3      | Found a white marble altar of Elyvilon.
  2190 | D:3      | Noticed an ogre
  2285 | D:3      | Killed an ogre
  2285 | D:3      | Reached skill level 8 in Stealth
  2285 | D:3      | Reached XP level 5. HP: 25/26 MP: 6/6
  3408 | D:2      | Found a bloodstained altar of Trog.
  3408 | D:2      | Found an ancient bone altar of Kikubaaqudgha.
  4117 | D:4      | Reached XP level 6. HP: 27/30 MP: 7/7
  4186 | D:4      | Learned a level 1 spell: Confusing Touch
  4190 | D:4      | Learned a level 3 spell: Confuse
  4322 | D:4      | Found an opulent altar of Gozag.
  4323 | D:4      | Found a sparkling altar of Nemelex Xobeh.
  4462 | D:5      | Entered Level 5 of the Dungeon
  4856 | D:5      | Found a snail-covered altar of Cheibriados.
  4962 | D:5      | Found a staircase to the Ecumenical Temple.
  4972 | Temple   | Entered the Ecumenical Temple
  4998 | Temple   | Became a worshipper of Dithmenos the Shadowed
  5168 | D:5      | Found a sand-covered staircase.
  5172 | Ossuary  | Entered an ossuary
  6163 | D:5      | Noticed a sky beast
  6267 | D:4      | Killed a sky beast
  6267 | D:4      | Reached skill level 9 in Stealth
  6267 | D:4      | Reached XP level 7. HP: 16/35 MP: 8/8
  6658 | D:5      | Reached skill level 1 in Spellcasting
  6658 | D:5      | Reached skill level 1 in Hexes
  6687 | D:5      | Reached * piety under Dithmenos
  6819 | D:5      | Found a hazy altar of Hepliaklqana.
  7440 | D:6      | Noticed Dowan
  7449 | D:6      | Noticed Duvessa
  7455 | D:6      | Killed Dowan
  7455 | D:6      | Reached XP level 8. HP: 27/39 MP: 12/12
  7809 | D:5      | Killed Duvessa
  7809 | D:5      | Reached skill level 5 in Dodging
  7978 | D:6      | Reached skill level 10 in Stealth
  8317 | D:6      | Gained mutation: Your movements are slightly less
                  | encumbered by armour. (ER -2) [potion of mutation]
  8317 | D:6      | Gained mutation: You are resistant to hostile enchantments.
                  | (MR+) [potion of mutation]
  8317 | D:6      | Gained mutation: Your spells are a little harder to cast,
                  | but a little more powerful. [potion of mutation]
  8344 | D:6      | Reached skill level 5 in Short Blades
  8783 | D:6      | Found a radiant altar of Vehumet.
  8889 | D:6      | Learned a level 3 spell: Gell's Gravitas
  8907 | D:6      | Noticed Pikel
  8925 | D:6      | Slain by a slave

Levels and vault maps discovered:
D:1:      dpeg_arrival_fog, layout_basic
D:2:      layout_basic, gammafunk_temple_overflow_elements
D:3:      layout_rooms, lemuel_doored_altar, okawaru_ov_weapons_minmay,
          uniq_jessica
D:4:      layout_basic, grunt_temple_overflow_opulence
D:5:      layout_cave_pools, nicolae_overflow_crystal_walls,
          lemuel_crystal_altar, minmay_temple_entry_wispy,
          lightli_ossuary_entry_decrepit_ruins, first_ration
D:6:      layout_loops_ring, vehumet_crystals, uniq_duvessa, uniq_pikel
Temple:   nicolae_temple_x_marks_the_god

Skill      XL: |  1  2  3  4  5  6  7  8 |
---------------+-------------------------+-----
Stealth        | 6 7 8 9 10 | 10.3
Dodging        | 2 3 4 5 |  5.4
Short Blades   | 3 4 5 |  5.2
Slings         | 2 3 4 |  4.3
Fighting       | 2 |  2.9
Throwing       | 3 |  3.7
Spellcasting   | 2 |  2.6
Hexes          | 1 2 |  2.2

Action                   |  1- 3 |  4- 6 |  7- 9 || total
-------------------------+-------+-------+-------++-------
Melee: Dagger            |   137 |   175 |   236 ||   548
 Fire: Hunting sling     |       |    95 |    11 ||   106
Throw: Dart              |     9 |    36 |    12 ||    57
 Cast: Confusing Touch   |       |       |    28 ||    28
       Gell's Gravitas   |       |       |     1 ||     1
  Use: Scroll            |       |    12 |     2 ||    14
       Potion            |       |     2 |     6 ||     8
 Stab: Sleeping          |    11 |    12 |     8 ||    31
       Invisible         |       |     6 |       ||     6
       Confused          |       |       |    18 ||    18
       Distracted        |       |       |     1 ||     1
  Eat: Ration            |       |     2 |     2 ||     4
Armor: Robe              |    33 |    21 |    11 ||    65
Dodge: Dodged            |    97 |   202 |   140 ||   439

Table legend:
 A = Non-vault XP
 B = Vault XP
 C = Vault XP percentage of total XP
 D = Non-vault monster count
 E = Vault monster count
 F = Vault count percentage of total count
                 A         B        C        D         E       F
            +---------+---------+-------+---------+---------+-------
      Total |    1643 |     398 |  19.5 |     124 |      19 |  13.3
            +---------+---------+-------+---------+---------+-------
        D:1 |      41 |       0 |   0.0 |      24 |       0 |   0.0
        D:2 |      90 |       0 |   0.0 |      29 |       0 |   0.0
        D:3 |     178 |      37 |  17.2 |      16 |       1 |   5.9
        D:4 |     275 |       0 |   0.0 |       9 |       0 |   0.0
        D:5 |     587 |     145 |  19.8 |      27 |       1 |   3.6
        D:6 |     472 |      66 |  12.3 |      19 |       1 |   5.0
    Ossuary |       0 |     150 | 100.0 |       0 |      16 | 100.0
            +---------+---------+-------+---------+---------+-------
